 Dungeon Crawl Stone Soup version 0.28.0-1-gb440e238dd (webtiles) character file.

Game seed: 18093934268083298441

58 fknight the Chopper (level 4, 0/41 HPs)
             Began as a Hill Orc Monk on Feb 21, 2022.
             Slain by an adder (3 damage)
             ... on level 3 of the Dungeon.
             The game lasted 00:05:53 (1971 turns).

fknight the Chopper (Hill Orc Monk)                 Turns: 1971, Time: 00:05:54

Health: 0/41       AC:  5    Str: 15    XL:     4   Next: 2%
Magic:  4/4        EV: 11    Int: 10    God:
Gold:   63         SH:  0    Dex: 16    Spells: 3/3 levels left

rFire   . . .      SeeInvis .   l - +9 mace of a bailey {drain, rC- rCorr Dex+3}
rCold   x . .      Faith    .   (no shield)
rNeg    . . .      Spirit   .   i - +0 ring mail
rPois   .          Reflect  .   (no helmet)
rElec   .          Harm     .   (no cloak)
rCorr   +          Rampage  .   (no gloves)
Will    .....                   (no boots)
Stlth   +.........              (no amulet)
HPRegen 0.13/turn               (no ring)
MPRegen 0.09/turn               (no ring)

@: no status effects
A: no striking features
a: no special abilities


You were on level 3 of the Dungeon.
You visited 1 branch of the dungeon, and saw 3 of its levels.

You collected 63 gold pieces.

Inventory:

Hand Weapons
 a - a +0 hand axe
 k - a +0 hunting sling
 l - the +9 mace of a bailey (weapon) {drain, rC- rCorr Dex+3}
   (You found it on level 2 of the Dungeon)

   A truly terrible weapon, it drains the life of any living foe it strikes.
   Dex:       It affects your dexterity (+3).
   rC:        It makes you vulnerable to cold.
   rCorr:     It protects you from acid and corrosion.
Missiles
 e - 36 arrows
 g - 35 stones (quivered)
 h - 26 bolts
 m - 20 sling bullets
Armour
 i - a +0 ring mail (worn)
Scrolls
 b - a scroll of fog
 d - a scroll of teleportation
 j - a scroll of identify
Potions
 c - a potion of flight


   Skills:
 + Level 4.3 Fighting
 + Level 4.9 Axes
 + Level 0.4 Throwing
 + Level 0.5 Armour
 + Level 2.6 Dodging
 + Level 1.9 Stealth


You had 3 spell levels left.
You didn't know any spells.
Your spell library was empty.

Dungeon Overview and Level Annotations

Branches:
Dungeon (3/15)

Altars:

Annotations:
D:3 Ijyb


Message History

There is a stone staircase leading down here.
You climb downwards.
You hear the sound of rushing water.
There is an entrance to a sewer on this level.
Hurry and find it before the portal rusts away!
Found a scroll labelled IFITENW URIT.
There is a stone staircase leading up here.
Ijyb and an adder come into view.
Ijyb is wielding a +0 dagger and carrying a wand of flame (22).
The orc shouts!
You hear a shout!
The adder hisses angrily.
The orc hits you with a +0 hand axe.
You see here a scroll labelled IFITENW URIT.
You closely miss the orc.
A goblin comes into view. It is wielding a +0 club.
The orc hits you with a +0 hand axe.
You barely miss the orc.
Ijyb zaps a wand.
The puff of flame hits you. The orc barely misses you.
The adder barely misses you.
You miss the adder. The orc hits you with a +0 hand axe.
The adder bites you but does no damage. The dart slug launches a dart at you.
The slug dart hits you. The orc hits you with a +0 hand axe.
You hit the orc. You drain the orc.
You kill the orc!
The adder bites you. Ijyb hits you with a +0 dagger.
* * * LOW HITPOINT WARNING * * *
The adder bites you but does no damage. The dart slug bites you.
* * * LOW HITPOINT WARNING * * *
The goblin hits you with a +0 club.
* * * LOW HITPOINT WARNING * * *
Ijyb hits you but does no damage.
You have reached level 4!
You feel better. The adder bites you.
* * * LOW HITPOINT WARNING * * *
The goblin barely misses you.
Ijyb zaps a wand.
The puff of flame hits you!
* * * LOW HITPOINT WARNING * * *
The dart slug closely misses you.
You sock Ijyb! You drain Ijyb.
Ijyb is severely wounded.
The adder bites you.
You die...

.... .... ...#
#..# #..#
#..###... #.
#S........
#...##@####...#
#....wgg.......
###...........#
#.#..########
#.#..# . #... #
####


You could see Ijyb (drained), an adder, a dart slug and a goblin.

Vanquished Creatures
  An adder (D:2)
  An adder skeleton (D:2)
  A dart slug (D:2)
  An orc (D:3)
  4 ball pythons
  4 endoplasms (D:1)
  2 giant cockroaches (D:2)
  6 goblins
  4 hobgoblins
  3 quokkas
  3 bats
  3 frilled lizards
  4 kobolds
  3 rats
40 creatures vanquished.

Notes
Turn   | Place    | Note
-------+----------+-------------------------------------------
     0 | D:1      | fknight the Hill Orc Monk began the quest for the Orb.
     0 | D:1      | Reached XP level 1. HP: 19/19 MP: 1/1
   365 | D:1      | Reached XP level 2. HP: 25/27 MP: 2/2
  1142 | D:2      | Reached XP level 3. HP: 17/33 MP: 3/3
  1788 | D:2      | Identified the +9 mace of a bailey {drain, rC- rCorr Dex+3}
  1869 | D:2      | Found a faded altar of an unknown god.
  1964 | D:3      | Noticed Ijyb
  1970 | D:3      | Reached XP level 4. HP: 4/41 MP: 4/4
  1971 | D:3      | Slain by an adder

Illustrated notes

Levels and vault maps discovered:
D:1:      tarquinn_simple_flora_water_d, layout_loops_ring,
          chequers_serial_rivers_room_a
D:2:      layout_basic, basic_ecumenical_altar
D:3:      minmay_roachtagon, layout_loops_ring, xom_redecorated,
          portal_sewer_entry_b, minmay_gold_behind_fungi,
          uniq_crazy_yiuf_cottage, uniq_robin, uniq_pargi, uniq_ijyb

Skill      XL: |  1  2 |
---------------+-------+-----
Fighting       | 4 |  4.3
Axes           | |  4.9
Throwing       | |  0.4
Armour         | |  0.5
Dodging        | |  2.6
Stealth        | |  1.9

Action                   |  1- 3 |  4- 6 || total
-------------------------+-------+-------++-------
Melee: Hand axe          |   112 |       ||   112
       Mace              |     6 |     1 ||     7
       Punch             |     1 |       ||     1
Throw: Stone             |     9 |       ||     9
  Use: Scroll            |     4 |       ||     4
       Potion            |       |     1 ||     1
 Stab: Sleeping          |     4 |       ||     4
Armor: Robe              |    11 |       ||    11
       Ring mail         |    22 |       ||    22
Dodge: Dodged            |    69 |     2 ||    71
